 Dungeon Crawl Stone Soup version 0.26-a0-1147-g3780a7a11b (webtiles) character file.

Game seed: 5538032089252921898

11 melloss the Firebug (level 2, -1/16 HPs)
             Began as a Deep Elf Fire Elementalist on Dec 22, 2020.
             Slain by a gnoll
             ... wielding a +2 spear of venom
              (8 damage)
             ... on level 1 of the Dungeon.
             The game lasted 00:03:12 (808 turns).

melloss the Firebug (Deep Elf Fire Elementalist)     Turns: 808, Time: 00:03:13

Health: -1/16      AC: -2    Str:  5    XL:     2   Next: 13%
Magic:  16/17      EV: 13    Int: 19    God:
Gold:   29         SH:  0    Dex: 15    Spells: 6/7 levels left

rFire    . . .     SeeInvis .   (no weapon)
rCold    . . .     Faith    .   (no shield)
rNeg     . . .     Spirit   .   a - +0 robe
rPois    .         Reflect  .   (no helmet)
rElec    .         Harm     .   (no cloak)
rCorr    .         Rampage  .   (no gloves)
Will     .....                  (no boots)
Stlth    ++........             (no amulet)
HPRegen  0.05/turn              d - -4 ring of protection (curse)
MPRegen  0.15/turn              c - ring of magical power

@: lethally poisoned (-1 -> -11)
A: no striking features
a: no special abilities


You were on level 1 of the Dungeon.
You visited 1 branch of the dungeon, and saw 1 of its levels.

You collected 29 gold pieces.

Inventory:

Armour
 a - a +0 robe (worn)
Jewellery
 c - a ring of magical power (right hand)
 d - a cursed -4 ring of protection (left hand)
Scrolls
 b - 3 scrolls of identify


   Skills:
 + Level 0.3 Fighting
 - Level 2.4 Dodging
 - Level 2.4 Stealth
 + Level 3.4 Spellcasting
 * Level 1.5 Conjurations
 + Level 3.4 Fire Magic


You had 6 spell levels left.
You knew the following spells:

 Your Spells              Type           Power        Failure   Level
a - Foxfire               Conj/Fire      48%          5%          1

Your spell library contained the following spells:

 Spells                   Type           Power        Failure   Level
 Conjure Flame            Conj/Fire      12%          16%         3
 Inner Flame              Hex/Fire       9%           22%         3
 Sticky Flame             Conj/Fire      12%          47%         4
 Fireball                 Conj/Fire      6%           83%         5


Dungeon Overview and Level Annotations

Branches:
Dungeon (1/15)

Altars:


Message History

The foxfire hits the gnoll but does no damage.
The gnoll is heavily wounded.
Casting: Foxfire (safe; 5% risk of failure)
Confirm with . or Enter, or press ? or * to list all spells.
You conjure some foxfire!
The foxfire hits the gnoll.
The gnoll is heavily wounded.
The foxfire hits the gnoll.
The gnoll is almost dead.
The gnoll hits you from afar with a +2 spear of venom.
You are lethally poisoned!
You feel sick. The gnoll barely misses you.
You feel sick.
You feel sick.
You feel sick.
You feel sick.
You feel sick.
The gnoll hits you from afar with a +2 spear of venom!
Ouch! That really hurt!
You die...

*,****,#############+##..
*,****,#.............##.#
*,**,,,#.##########.###.#
******,**#.# #.###.#
*,,,,,,,,#.# #.....#
**,***,*,#.# ####### *,*
*,*,#.# *,* *,*,#.#
*,***,*,#@#
*,,,,,*,#.########***#####
*******,#g........**,.....
*,,,,,,,#.......#.**,#####
*,******#.###.#.#,**,* #.
*,* ##.#$#.#,*,**,* #. *,*
#..###.#..,**,* #. *,*
#.........***,* #. *,*
#..#.#.##.,,,,* #.


You could see a gnoll.

Vanquished Creatures
  An ooze (D:1)
  A goblin (D:1)
  2 bats (D:1)
  3 frilled lizards (D:1)
  2 rats (D:1)
9 creatures vanquished.

Vanquished Creatures (others)
  29 foxfires (D:1)
29 creatures vanquished.

Grand Total: 38 creatures vanquished

Notes
Turn   | Place    | Note
-------+----------+-------------------------------------------
     0 | D:1      | melloss the Deep Elf Fire Elementalist began the quest for
                  | the Orb.
     0 | D:1      | Reached XP level 1. HP: 10/10 MP: 6/6
   483 | D:1      | Reached XP level 2. HP: 15/15 MP: 6/8
   808 | D:1      | Slain by a gnoll

Illustrated notes

Levels and vault maps discovered:
D:1:      psy_arrival_fountain, layout_basic, item_on_display_a

Action                   || total
-------------------------++-------
Melee: Unarmed           ||     2
 Cast: Foxfire           ||    17
  Use: Scroll            ||     2
 Stab: Sleeping          ||     1
Armor: Robe              ||     1
Dodge: Dodged            ||     7

Table legend: (Time is in decaauts)
 A = Elapsed time spent in this place.
 B = Non-inter-level travel time spent in this place.
 C = Inter-level travel time spent in this place.
 D = Time resting spent in this place.
 E = Time spent auto-exploring this place.
 F = Levels seen in this place.
 G = Mean time per level.
                   A        B        C        D        E       F      G
               +--------+--------+--------+--------+--------+-----+--------+
         Total |    807 |    807 |      0 |      0 |    643 |   1 |  807.0 |
       Dungeon |    807 |    807 |      0 |      0 |    643 |   1 |  807.0 |
               +--------+--------+--------+--------+--------+-----+--------+

Top non-repeatable levels by time:
     D:1: 807 daAuts
